 Dungeon Crawl Stone Soup version 0.31-a0-848-gaac375c287 (webtiles) character file.

Game seed: 13745794420279295156

9970 mopl the Martial Artist (level 11, -1/111 HPs)
             Began as an Octopode Shapeshifter on Oct 4, 2023.
             Was a Follower of Uskayaw.
             Slain by a tengu warrior
             ... wielding a +0 dire flail
              (14 damage)
             ... on level 10 of the Dungeon.
             The game lasted 00:16:11 (9228 turns).

mopl the Martial Artist (Octopode Shapeshifter)     Turns: 9228, Time: 00:16:11

Health: -1/111     AC:  5    Str: 19    XL:     11   Next: 54%
Magic:  14/14      EV: 21    Int: 25    God:    Uskayaw [*.....]
Gold:   1045       SH:  0    Dex: 16    Spells: 7/10 levels left

rFire   . .          .
                       - Unarmed
rCold   . . .        G - orb {*Rage}
rNeg    . . .        (helmet currently unavailable)
rPois   .            (no amulet)
rElec   .            m - +6 ring of strength
rCorr   .            s - +6 ring of intelligence
SInv    .            w - ring of wizardry
Will    .....        L - +4 ring of protection Stlth
                     N - +5 ring of evasion
HPRegen 0.38/turn    P - +6 ring of intelligence
MPRegen 0.14/turn    (no ring)
                     (no ring)

%: random rage (20%), wizardry (x1)
@: berserking, beast-form, studying 2 skills, very quick
A: beast (slay +4), almost no armour, amphibious, 8 rings, camouflage 1,
gelatinous body 1, (nimble swimmer 1), tentacles
a: Begin Untransformation, Renounce Religion, Stomp


You were on level 10 of the Dungeon.
You worshipped Uskayaw.
Uskayaw was noncommittal.
You were a hulking beast.
You visited 2 branches of the dungeon, and saw 11 of its levels.

You collected 1045 gold pieces.

Inventory:

Hand Weapons
 K - a +0 whip of venom
Missiles
 u - 44 poisoned darts (quivered)
 y - 10 boomerangs
 J - 2 curare-tipped darts
 M - 2 throwing nets
Armour
 G - an orb of wrath (worn)
 I - a +0 buckler
 X - a +0 buckler of protection
Magical Staves
 x - a staff of fire
 W - a staff of poison
Jewellery
 m - a +6 ring of strength (left tentacle)
 s - a +6 ring of intelligence (right tentacle)
 w - a ring of wizardry (on tentacle)
 L - a +4 ring of protection (on tentacle)
 N - a +5 ring of evasion (on tentacle)
 P - a +6 ring of intelligence (on tentacle)
Talismans
 b - a beast talisman (active)
 c - a flux talisman
 H - a blade talisman
Wands
 v - a wand of polymorph (11)
 O - a wand of flame (39)
 U - a wand of roots (16)
Scrolls
 d - 3 scrolls of teleportation
 i - a scroll of amnesia {unknown}
 j - 3 scrolls of blinking {unknown}
 l - a scroll of enchant armour {unknown}
 o - a scroll of fog {unknown}
 r - a scroll of fear {unknown}
 t - a scroll of brand weapon {unknown}
 z - a scroll of acquirement {unknown}
 A - 2 scrolls of enchant weapon {unknown}
 B - a scroll of butterflies {unknown}
 C - a scroll of poison {unknown}
 E - 3 scrolls of vulnerability {unknown}
 F - a scroll of revelation {unknown}
 Q - 2 scrolls of immolation {unknown}
 T - a scroll of noise {unknown}
Potions
 a - 2 potions of lignification {!q}
 f - a potion of mutation {!q}
 g - a potion of ambrosia
 h - 2 potions of heal wounds {unknown}
 k - 7 potions of curing {unknown}
 n - a potion of attraction
 p - 2 potions of brilliance {unknown}
 q - a potion of invisibility
 D - 2 potions of degeneration {unknown}
 R - a potion of enlightenment
 S - a potion of resistance
 V - a potion of might
 Z - a potion of magic
Miscellaneous
 Y - a phantom mirror


   Skills:
 + Level 6.6 Fighting
 + Level 5.4 Throwing
 + Level 6.7 Dodging
 * Level 9.6 Unarmed Combat
 + Level 5.0 Invocations
 + Level 4.3 Evocations
 * Level 8.9 Shapeshifting


You had 7 spell levels left.
You knew the following spells:

 Your Spells              Type           Power      Damage    Failure   Level
a - Swiftness             Air            0%         N/A       16%         3

Your spell library contained the following spells:

 Spells                   Type           Power      Damage    Failure   Level
 Shock                    Conj/Air       0%         1d3       6%          1
 Sting                    Tmut/Pois      0%         1d3       6%          1
 Ensorcelled Hibernation  Hex/Ice        0%         N/A       9%          2
 Passwall                 Tmut/Erth      0%         N/A       9%          2
 Poisonous Vapours        Pois/Air       0%         N/A       9%          2
 Ignite Poison            Fire/Tmut/Pois 0%         N/A       16%         3
 Airstrike                Air            0%         2d(0-16)  45%         4
 Olgreb's Toxic Radiance  Pois           0%         N/A       45%         4
 Sticky Flame             Conj/Fire      0%         2d3       45%         4
 Ignition                 Fire           0%         3d3       100%        8


Dungeon Overview and Level Annotations

Branches:
Dungeon (10/15)            Temple (1/1) D:6             Orc (0/2) D:10
   Lair: D:8-11

Altars:
Ashenzari
Cheibriados
Dithmenos
Elyvilon
Fedhas
Gozag
Hepliaklqana
Kikubaaqudgha
Makhleb
Nemelex Xobeh
Okawaru
Qazlal
Ru
Sif Muna
Trog
Uskayaw
Vehumet
Wu Jian
Xom
Yredelemnul
Zin
The Shining One

Shops:
D:4 :   D:6 =   D:10 :

Annotations:
D:6 3 runed translucent doors, Turgor's ghost, novice VSSh


Innate Abilities, Weirdness & Mutations

You are a hulking beast.
Your limbs bulge with bestial killing power. (Slay +4)
You cannot wear most types of armour.
You are amphibious.
You can wear up to eight rings at the same time.
Your skin changes colour to match your surroundings (Stealth+).
Your rubbery body absorbs attacks. (AC +1, EV +1)
((You are camouflaged when in or above water. (Stealth+)))
You have tentacles for arms and can constrict up to eight enemies at once.


Message History

You are no longer berserk.
You are exhausted.
You feel yourself slow down.
There is an open door here.
You can no longer pass through a line of other dancers.
There is an open door here.
There is an open door here.
Things that are here:
a +0 long sword; an elf corpse You start waiting.
You feel yourself speed up.
You start waiting.
You recover from your berserk rage.
You open the door.
A tengu warrior comes into view. It is wielding a +0 dire flail.
The tengu warrior shouts!
The tengu warrior hits you with a +0 dire flail!!
The tengu warrior pecks you. The tengu warrior claws you.
There is an open door, spattered with blood here.
You barely miss the tengu warrior. You grab the tengu warrior.
You constrict the tengu warrior.
The tengu warrior hits you with a +0 dire flail!
The tengu warrior closely misses you.
The tengu warrior completely misses you.
You are too injured to fight recklessly!
You are too injured to fight recklessly!
You tentacle-slap the tengu warrior.
The tengu warrior is lightly wounded.
You constrict the tengu warrior.
The tengu warrior hits you with a +0 dire flail!!
* * * LOW HITPOINT WARNING * * *
The tengu warrior pecks you.
* * * LOW HITPOINT WARNING * * *
The tengu warrior claws you.
* * * LOW HITPOINT WARNING * * *
A red film seems to cover your vision as you go berserk!
You feel yourself moving faster!
You feel mighty!
You constrict the tengu warrior.
The tengu warrior hits you with a +0 dire flail!
You die...

# # ##+###### #
###...#C.)# #.. #
#.'...#...+ #..## #
#.#...#%./# #..>. #
#.##'###### #....####
#.#...#...# #....#...
#.#.).hQ..+ #........
#.#...#...# #....#...
#.#########
###....#... #.##
....##..... #..#
#.......... ##.#######
#........>.
#.......#.##..........
#######.#............#
#.#.##.........#


You could see a tengu warrior.

Vanquished Creatures
  Harold (D:9)
  A boulder beetle (D:10)
  A deep elf pyromancer (D:10)
  Joseph (D:8)
  An unseen horror (D:6)
  A kobold demonologist (D:8)
  A troll (D:10)
  Prince Ribbit (D:7)
  Grinder (D:4)
  4 slime creatures (D:8)
  A shadow (D:10)
  Sigmund (D:4)
  A human (D:5)
  A wraith (D:10)
  Menkaure (D:7)
  An acid dragon (D:10)
  A water moccasin (D:7)
  4 ice beasts
  6 orc warriors
  A sky beast (D:7)
  A black bear (D:4)
  3 ogres
  3 centaurs
  5 kobold brigands
  4 bullfrogs
  4 gnoll sergeants
  4 scorpions
  6 wights (D:8)
  18 killer bees
  6 howler monkeys
  A human zombie (D:5)
  3 hounds
  2 gnoll boudas
  A jelly (D:6)
  9 orc priests
  3 sleepcaps
  2 iguanas
  Terence (D:3)
  7 orc wizards
  11 adders
  21 gnolls
  A shadow imp (D:6)
  A white imp (D:4)
  2 dart slugs
  A worm (D:4)
  53 orcs
  3 bats
  7 endoplasms
  A giant cockroach (D:1)
  4 goblins
  7 hobgoblins
  5 jackals
  4 quokkas
  7 ball pythons
  2 frilled lizards
  25 kobolds
  3 rats
272 creatures vanquished.

Notes
Turn   | Place    | Note
-------+----------+-------------------------------------------
     0 | D:1      | mopl the Octopode Shapeshifter began the quest for the Orb.
     0 | D:1      | Reached XP level 1. HP: 13/13 MP: 1/1
   101 | D:1      | Reached XP level 2. HP: 13/18 MP: 2/2
   566 | D:1      | Reached XP level 3. HP: 21/23 MP: 3/3
   763 | D:2      | Identified the +6 ring mail "Oboexet" {Stlth+}
   938 | D:2      | Found a sacrificial altar of Ru.
  1230 | D:2      | Reached XP level 4. HP: 29/29 MP: 4/4
  1498 | D:3      | Noticed Terence
  1505 | D:3      | Killed Terence
  1506 | D:3      | Reached skill level 4 in Unarmed Combat
  1591 | D:3      | Reached XP level 5. HP: 32/34 MP: 5/5
  1594 | D:3      | Reached skill level 2 in Fighting
  1596 | D:3      | Reached skill level 4 in Shapeshifting
  1683 | D:3      | Found a burning altar of Makhleb.
  1874 | D:3      | Found a blossoming altar of Fedhas.
  1981 | D:3      | Learned a level 3 spell: Swiftness
  2144 | D:4      | Found Qanimen's Book Emporium.
  2178 | D:4      | Noticed Grinder
  2274 | D:4      | Paralysed by Grinder for 4 turns
  2285 | D:4      | Paralysed by Grinder for 5 turns
  2304 | D:4      | Paralysed by Grinder for 4 turns
  2315 | D:4      | Killed Grinder
  2316 | D:4      | Reached skill level 3 in Dodging
  2316 | D:4      | Reached skill level 5 in Unarmed Combat
  2316 | D:4      | Reached XP level 6. HP: 21/41 MP: 6/6
  2476 | D:4      | Noticed a black bear
  2478 | D:4      | Found a shadowy altar of Dithmenos.
  2480 | D:4      | Noticed Sigmund
  2494 | D:4      | Reached XP level 7. HP: 40/45 MP: 7/7
  2522 | D:4      | Reached skill level 3 in Fighting
  2621 | D:4      | Killed Sigmund
  2622 | D:4      | Reached skill level 5 in Shapeshifting
  2952 | D:5      | Entered Level 5 of the Dungeon
  2979 | D:5      | Reached skill level 1 in Throwing
  3168 | D:5      | Reached XP level 8. HP: 45/52 MP: 8/8
  3304 | D:5      | Found a runed translucent door.
  3309 | D:5      | Reached skill level 4 in Dodging
  3309 | D:5      | Reached skill level 6 in Unarmed Combat
  3626 | D:5      | Found a basalt altar of Yredelemnul.
  3659 | D:5      | Reached skill level 2 in Throwing
  4127 | D:6      | Reached skill level 4 in Fighting
  4127 | D:6      | Reached skill level 6 in Shapeshifting
  4414 | D:6      | Noticed a yak
  4416 | D:6      | Found a runed translucent gate.
  4416 | D:6      | Found a runed translucent gate.
  4416 | D:6      | Found a runed translucent gate.
  4417 | D:6      | Noticed Turgor's ghost (novice VSSh)
  4417 | D:6      | Noticed a troll
  4662 | D:6      | Found Quagg's Jewellery Shop.
  4679 | D:6      | Found a staircase to the Ecumenical Temple.
  4693 | Temple   | Entered the Ecumenical Temple
  4720 | Temple   | Became a worshipper of Uskayaw the Reveller
  4785 | D:6      | Found a radiant altar of Vehumet.
  4805 | D:6      | Reached * piety under Uskayaw
  4807 | D:6      | Reached XP level 9. HP: 37/58 MP: 9/9
  4807 | D:6      | Reached ** piety under Uskayaw
  4889 | D:6      | Reached *** piety under Uskayaw
  4891 | D:6      | Reached skill level 3 in Throwing
  4891 | D:6      | Reached **** piety under Uskayaw
  4892 | D:6      | Reached skill level 7 in Unarmed Combat
  4896 | D:6      | Reached skill level 1 in Invocations
  5113 | D:6      | Killed an unseen horror
  5114 | D:6      | Reached skill level 5 in Dodging
  5457 | D:7      | Noticed Prince Ribbit
  5468 | D:7      | Killed Prince Ribbit
  5469 | D:7      | Reached skill level 2 in Invocations
  5469 | D:7      | Reached skill level 7 in Shapeshifting
  5625 | D:7      | Reached skill level 1 in Evocations
  5671 | D:7      | Reached skill level 5 in Fighting
  5687 | D:7      | Noticed Menkaure
  5691 | D:7      | Killed Menkaure
  5745 | D:7      | Found a sparkling altar of Nemelex Xobeh.
  5879 | D:7      | Found an opulent altar of Gozag.
  5972 | D:7      | Found a stormy altar of Qazlal.
  5977 | D:7      | Reached skill level 4 in Throwing
  5977 | D:7      | Reached XP level 10. HP: 66/66 MP: 10/12
  6249 | D:8      | Noticed a kobold demonologist
  6255 | D:8      | Killed a kobold demonologist
  6256 | D:8      | Reached skill level 8 in Unarmed Combat
  6256 | D:8      | Reached skill level 3 in Invocations
  6256 | D:8      | Reached skill level 2 in Evocations
  6296 | D:8      | Identified the +0 scale mail of the Majestic God {rCorr
                  | Dex+2 SInv Stlth+}
  6512 | D:8      | Reached ***** piety under Uskayaw
  6993 | D:8      | Noticed Joseph
  7003 | D:8      | Killed Joseph
  7004 | D:8      | Reached skill level 6 in Dodging
  7004 | D:8      | Reached skill level 3 in Evocations
  7004 | D:8      | Reached skill level 8 in Shapeshifting
  7416 | D:9      | Noticed Harold
  7429 | D:9      | Killed Harold
  7430 | D:9      | Reached skill level 6 in Fighting
  7430 | D:9      | Reached skill level 9 in Unarmed Combat
  7430 | D:9      | Reached skill level 4 in Invocations
  7438 | D:9      | Reached XP level 11. HP: 72/72 MP: 12/14
  7524 | D:9      | Reached skill level 5 in Throwing
  8203 | D:10     | Entered Level 10 of the Dungeon
  8444 | D:10     | Found a staircase to the Orcish Mines.
  8669 | D:10     | Reached skill level 4 in Evocations
  8806 | D:10     | Found Nagixyip's Book Boutique.
  9136 | D:10     | Noticed a boulder beetle
  9136 | D:10     | Noticed a stone giant
  9154 | D:10     | Killed a boulder beetle
  9165 | D:10     | Noticed a deep elf pyromancer
  9170 | D:10     | Killed a deep elf pyromancer
  9171 | D:10     | Reached skill level 5 in Invocations
  9224 | D:10     | Noticed a tengu warrior
  9228 | D:10     | Slain by a tengu warrior

Illustrated notes

Levels and vault maps discovered:
D:1:      elethiomel_arrival_shortcut, layout_basic
D:2:      layout_basic, basic_altar
D:3:      layout_loops_corners, lemuel_doored_altar, fedhas_altar_fruit_tree,
          uniq_terence
D:4:      layout_cave_pools, grunt_dithmenos_smoke_and_mirrors, serial_shops,
          shop, uniq_sigmund, uniq_grinder
D:5:      layout_cave_pods, dk_yredelemnul_ordeal, minmay_manual_macuahuitl
D:6:      layout_basic, nicolae_vehumet_radiance,
          minmay_temple_entry_antechambers, serial_shops, shop,
          gammafunk_ghost_split, minmay_manual_mandibuliform
D:7:      layout_basic, nicolae_qazlal_scattered_showers, kennysheep_mini_moat,
          nicolae_gozag_cash_rules_everything_around_me, uniq_menkaure,
          uniq_prince_ribbit1
D:8:      minmay_polygon_palace, layout_cave_pools,
          chequers_hall_statues_corner_a, uniq_joseph
D:9:      layout_loops_cross, uniq_harold
D:10:     layout_basic, david_orc_5, serial_shops, shop, eino_curves_01,
          minmay_evil_grid
Temple:   dpeg_chambers_temple

Skill      XL: |  1  2  3  4  5  6  7  8  9 10 11 |
---------------+----------------------------------+-----
Unarmed Combat | 4 5 6 7 9 |  9.6
Fighting       | 2 3 4 5 6 |  6.6
Shapeshifting  | 4 5 6 7 8 |  8.9
Dodging        | 3 4 5 6 |  6.7
Throwing       | 1 2 4 5 |  5.4
Invocations    | 2 4 5 |  5.0
Evocations     | 1 3 4 |  4.3

Action                     |  1- 3 |  4- 6 |  7- 9 | 10-12 || total
---------------------------+-------+-------+-------+-------++-------
  Melee: Unarmed           |    59 |    63 |   184 |   235 ||   541
         Constrict         |    18 |    20 |    47 |    59 ||   144
         Tentacles         |    11 |    11 |    54 |    65 ||   141
         Punch             |       |     2 |     8 |    14 ||    24
  Throw: Dart              |       |       |     2 |     4 ||     6
    Use: Scroll            |       |       |       |    10 ||    10
         Potion            |       |       |       |     1 ||     1
   Stab: Sleeping          |     8 |     4 |     7 |     2 ||    21
         Distracted        |       |       |     1 |     3 ||     4
         Paralysed         |       |       |     7 |    24 ||    31
 Armour: Skin              |    22 |    30 |    88 |    78 ||   218
  Dodge: Dodged            |    35 |    25 |    98 |   188 ||   346

Table legend: (Time is in decaauts)
 A = Elapsed time spent in this place.
 B = Non-inter-level travel time spent in this place.
 C = Inter-level travel time spent in this place.
 D = Time resting spent in this place.
 E = Time spent auto-exploring this place.
 F = Levels seen in this place.
 G = Mean time per level.
                   A        B        C        D        E       F      G
               +--------+--------+--------+--------+--------+-----+--------+
         Total |   9475 |   9105 |    370 |   1826 |   4924 |  11 |  861.4 |
       Dungeon |   9421 |   9078 |    343 |   1826 |   4924 |  10 |  942.1 |
        Temple |     54 |     27 |     27 |      0 |      0 |   1 |   54.0 |
               +--------+--------+--------+--------+--------+-----+--------+

Top non-repeatable levels by time:
     D:5: 1309 daAuts
     D:6: 1145 daAuts
    D:10: 1077 daAuts
     D:7: 988 daAuts
     D:9: 984 daAuts
     D:8: 984 daAuts
     D:3: 919 daAuts
     D:4: 754 daAuts
     D:1: 704 daAuts
     D:2: 552 daAuts
  Temple: 54 daAuts
